Match 30974614
Unlisted

Match 30974614
End
Kettenkrad Recon Vehicle
Construct Infanterie Kompanie
Selects Luftwaffe Battlegroup
Selects Luftwaffe Pioneer Support
MG 42 Machine Gun Team
Selects Luftwaffe Pioneer Support
MG 42 Machine Gun Team
Grenadier Squad
GrW 34 Mortar Team
Grenadier Squad
Construct Panzergrenadier Kompanie
251 Medium Carrier
Pak 40 Anti-tank Gun Team
Pioneer Squad
Medical Station
Selects Flak 38 Anti-Air Emplacement
Panzergrenadier Squad
Support Elements
Pioneer Squad
Fallschirmpioneer Squad Paradrop
Selects Stuka Strafing Run
Selects Fallschirmjäger Squad Paradrop
Panzergrenadier Squad
Nebelwerfer 42 Rocket Launcher Team
Pak 40 Anti-tank Gun Team
Panzergrenadier Officer Quarters
Selects Flak 36 Anti-tank Gun Emplacement
Selects Stuka Loiter
Panzergrenadier Squad
Construct Panzer Kompanie
Medical Bunker
Stoßtruppen Squad
JODLASTY
morgoe
FooKilla
Nukepapa
0
0

Comments sign in to comment!

No comments posted yet!